| TOP OF THE 1ST |
|
University of South Carolina Gamecocks batting - Pitching for UCLA Bruins : RHP Billy McKinzie
|
|
Pitching: RHP Billy McKinzie
|
|
|
Batting: RHB Mike Chiquete
|
0-0: Foul Ball, location: 2F 0-1: Ball 1-1: Swinging Strike 1-2: Foul Ball, location: 2F 1-2: Strikes out swinging
|
|
Batting: RHB Emanuel Estrada
|
0-0: Ball 1-0: Ball 2-0: Called Strike 2-1: Ball 3-1: Ground out 5-3 (Groundball, 5, EV 101.2 MPH)
|
|
Batting: RHB Mike Berzins
|
0-0: Ball 1-0: Ground out 5-3 (Groundball, 5S, EV 66.2 MPH)
|
| Top of the 1st over - 0 runs, 0 hits, 0 errors, 0 left on base; University of South Carolina 0 - UCLA 0 |
| BOTTOM OF THE 1ST |
|
UCLA Bruins batting - Pitching for University of South Carolina Gamecocks : RHP Ernie Bell
|
|
Pitching: RHP Ernie Bell
|
|
|
Batting: RHB Hidesuke Yoshida
|
0-0: Ball 1-0: Ball 2-0: Swinging Strike 2-1: Called Strike 2-2: Foul Ball, location: 2F 2-2: Foul Ball, location: 2F 2-2: Ball 3-2: SINGLE (Groundball, 56D, EV 101.2 MPH)
|
|
Batting: LHB Mark Cummings
|
0-0: SINGLE (Groundball, 4, EV 96.2 MPH) Hidesuke Yoshida to second Runner from 2nd tries for 3rd, SAFE, no throw by CF
|
|
Batting: RHB Xavier Reeves
|
0-0: Ball 1-0: Ball 2-0: Ball 3-0: Base on Balls Mark Cummings to second
|
|
Batting: RHB Angel Melendez
|
0-0: SINGLE (Line Drive, 4MD, EV 101.2 MPH) Hidesuke Yoshida scores Mark Cummings to third Xavier Reeves to second Runner from 3rd tries for Home, SAFE, throw by CF to home
|
|
Batting: SHB Sean Munns
|
0-0: Ball 1-0: Ground out 3-1 (Groundball, 34S, EV 66.9 MPH) Xavier Reeves to third Angel Melendez to second
|
|
Batting: RHB Issac Konol
|
0-0: Called Strike 0-1: Fly out, F9 (Flyball, 89S, EV 81.2 MPH) Runner from 3rd tags up, OUT at HOME! 9-2
|
| Bottom of the 1st over - 2 runs, 3 hits, 0 errors, 1 left on base; University of South Carolina 0 - UCLA 2 |
| TOP OF THE 2ND |
|
University of South Carolina Gamecocks batting - Pitching for UCLA Bruins : RHP Billy McKinzie
|
|
Batting: LHB Jose Mafano
|
0-0: Called Strike 0-1: Called Strike 0-2: Ball 1-2: Foul Ball, location: 2F 1-2: Ball 2-2: Ball 3-2: Base on Balls
|
|
Batting: RHB Danny Rodriguez
|
0-0: Ball Jose Mafano is caught stealing 2nd base 2-4 1-0: Foul Ball, location: 2F 1-1: Ball 2-1: Ground out 6-3 (Groundball, 6, EV 103.8 MPH)
|
|
Batting: LHB Bruce Daley
|
0-0: Ball 1-0: Foul Ball, location: 2F 1-1: Fly out, F9 (Flyball, 89M, EV 83.1 MPH)
|
| Top of the 2nd over - 0 runs, 0 hits, 0 errors, 0 left on base; University of South Carolina 0 - UCLA 2 |
| BOTTOM OF THE 2ND |
|
UCLA Bruins batting - Pitching for University of South Carolina Gamecocks : RHP Ernie Bell
|
|
Batting: LHB Carlos Guadarrama
|
0-0: TRIPLE (Flyball, 8LD, EV 101.2 MPH)
|
|
Batting: LHB Bill Helmer
|
0-0: Swinging Strike 0-1: Ball 1-1: Ball 2-1: Ground out 4-3 (Groundball, 4, EV 80.6 MPH) Carlos Guadarrama scores
|
|
Batting: RHB Carlos Murillo
|
0-0: Ball 1-0: Fly out, F9 (Line Drive, 9, EV 93.1 MPH)
|
|
Batting: RHB Hidesuke Yoshida
|
0-0: Ground out 5-3 (Groundball, 56, EV 83.8 MPH)
|
| Bottom of the 2nd over - 1 run, 1 hit, 0 errors, 0 left on base; University of South Carolina 0 - UCLA 3 |
| TOP OF THE 3RD |
|
University of South Carolina Gamecocks batting - Pitching for UCLA Bruins : RHP Billy McKinzie
|
|
Batting: RHB Geoffrey Gonzalez
|
0-0: Called Strike 0-1: Foul Ball, location: 2F 0-2: Ground out 6-3 (Groundball, 6, EV 87.5 MPH)
|
|
Batting: SHB Ron Handford
|
0-0: Called Strike 0-1: Ground out 4-3 (Groundball, 4S, EV 85.0 MPH)
|
|
Batting: RHB Pablo Henriquez
|
0-0: Ground out 6-3 (Groundball, 6, EV 106.9 MPH)
|
| Top of the 3rd over - 0 runs, 0 hits, 0 errors, 0 left on base; University of South Carolina 0 - UCLA 3 |
| BOTTOM OF THE 3RD |
|
UCLA Bruins batting - Pitching for University of South Carolina Gamecocks : RHP Ernie Bell
|
|
Batting: LHB Mark Cummings
|
0-0: Swinging Strike 0-1: Ball 1-1: Called Strike 1-2: Strikes out swinging
|
|
Batting: RHB Xavier Reeves
|
0-0: Ball 1-0: Called Strike 1-1: Called Strike 1-2: Strikes out swinging
|
|
Batting: RHB Angel Melendez
|
0-0: Called Strike 0-1: Ball 1-1: SINGLE (Line Drive, 89S, EV 102.5 MPH)
|
|
Batting: SHB Sean Munns
|
0-0: Swinging Strike 0-1: Ball 1-1: Foul Ball, location: 2F 1-2: Foul Ball, location: 2F 1-2: Ball 2-2: Foul Ball, location: 2F 2-2: Ball 3-2: Fly out, F9 (Flyball, 9S, EV 89.4 MPH)
|
| Bottom of the 3rd over - 0 runs, 1 hit, 0 errors, 1 left on base; University of South Carolina 0 - UCLA 3 |
| TOP OF THE 4TH |
|
University of South Carolina Gamecocks batting - Pitching for UCLA Bruins : RHP Billy McKinzie
|
|
Batting: RHB Mike Chiquete
|
0-0: Ball 1-0: Ball 2-0: Ball 3-0: Called Strike 3-1: Ground out 6-3 (Groundball, 6S, EV 84.4 MPH)
|
|
Batting: RHB Emanuel Estrada
|
0-0: Ball 1-0: Fly out, F8 (Flyball, 8RS, EV 75.0 MPH)
|
|
Batting: RHB Mike Berzins
|
0-0: Ball 1-0: DOUBLE (Line Drive, 78D, EV 99.4 MPH)
|
|
Batting: LHB Jose Mafano
|
0-0: Called Strike 0-1: Ball 1-1: Ball 2-1: Swinging Strike 2-2: Strikes out swinging
|
| Top of the 4th over - 0 runs, 1 hit, 0 errors, 1 left on base; University of South Carolina 0 - UCLA 3 |
| BOTTOM OF THE 4TH |
|
UCLA Bruins batting - Pitching for University of South Carolina Gamecocks : RHP Ernie Bell
|
|
Batting: RHB Issac Konol
|
0-0: Ball 1-0: Called Strike 1-1: Ball 2-1: Ground out 6-3 (Groundball, 6D, EV 98.1 MPH)
|
|
Batting: LHB Carlos Guadarrama
|
0-0: Ground out 6-3 (Groundball, 6, EV 88.1 MPH)
|
|
Batting: LHB Bill Helmer
|
0-0: Foul Ball, location: 2F 0-1: Swinging Strike 0-2: Ball 1-2: Ground out 6-3 (Groundball, 6M, EV 78.1 MPH)
|
| Bottom of the 4th over - 0 runs, 0 hits, 0 errors, 0 left on base; University of South Carolina 0 - UCLA 3 |
| TOP OF THE 5TH |
|
University of South Carolina Gamecocks batting - Pitching for UCLA Bruins : RHP Billy McKinzie
|
|
Batting: RHB Danny Rodriguez
|
0-0: Ground out 5-3 (Groundball, 56, EV 100.6 MPH)
|
|
Batting: LHB Bruce Daley
|
0-0: Ground out 4-3 (Groundball, 4, EV 92.5 MPH)
|
|
Batting: RHB Geoffrey Gonzalez
|
0-0: Called Strike 0-1: Foul Ball, location: 2F 0-2: Foul Ball, location: 2F 0-2: Strikes out swinging
|
| Top of the 5th over - 0 runs, 0 hits, 0 errors, 0 left on base; University of South Carolina 0 - UCLA 3 |
| BOTTOM OF THE 5TH |
|
UCLA Bruins batting - Pitching for University of South Carolina Gamecocks : RHP Ernie Bell
|
|
Batting: RHB Carlos Murillo
|
0-0: Ground out U3 (Groundball, 3, EV 81.2 MPH)
|
|
Batting: RHB Hidesuke Yoshida
|
0-0: Ball 1-0: Foul Ball, location: 2F 1-1: Ball 2-1: Ball 3-1: Base on Balls
|
|
Batting: LHB Mark Cummings
|
0-0: Foul Ball, location: 2F 0-1: SINGLE (Line Drive, 78M, EV 105.0 MPH) Hidesuke Yoshida to second
|
|
Batting: RHB Xavier Reeves
|
0-0: Swinging Strike 0-1: SINGLE (Line Drive, 56, EV 97.5 MPH) Hidesuke Yoshida to third Mark Cummings to second Runner from 3rd tries for Home, SAFE, throw by LF to home
|
|
Batting: RHB Angel Melendez
|
0-0: SINGLE (Groundball, 4D, EV 111.2 MPH) Mark Cummings to third Xavier Reeves to second Runner from 3rd tries for Home, SAFE, throw by RF to home Xavier Reeves to third Angel Melendez to second
|
|
Pitching: RHP Jose Barrientos
|
|
|
Batting: SHB Sean Munns
|
0-0: Ball 1-0: Foul Ball, location: 2F 1-1: Ball 2-1: Foul Ball, location: 2F 2-2: Ground out 4-3 (Groundball, 4D, EV 92.5 MPH) Xavier Reeves scores Angel Melendez to third
|
|
Batting: RHB Issac Konol
|
0-0: Called Strike 0-1: SINGLE (Line Drive, 89S, EV 98.1 MPH) Angel Melendez scores
|
|
Batting: LHB Carlos Guadarrama
|
0-0: Ball 1-0: Fly out, F7 (Flyball, 7S, EV 88.8 MPH)
|
| Bottom of the 5th over - 4 runs, 4 hits, 0 errors, 1 left on base; University of South Carolina 0 - UCLA 7 |
| TOP OF THE 6TH |
|
University of South Carolina Gamecocks batting - Pitching for UCLA Bruins : RHP Billy McKinzie
|
|
Batting: SHB Ron Handford
|
0-0: Swinging Strike 0-1: Swinging Strike 0-2: Ball 1-2: Ball 2-2: Ball 3-2: DOUBLE (Line Drive, 89D, EV 108.8 MPH)
|
|
Batting: RHB Pablo Henriquez
|
0-0: Ball 1-0: Called Strike 1-1: Ground out U3 (Groundball, 34, EV 83.1 MPH) Ron Handford to third
|
|
Batting: RHB Mike Chiquete
|
0-0: Ball 1-0: Ball 2-0: Called Strike 2-1: Called Strike 2-2: Ground out 6-3 (Groundball, 6S, EV 89.4 MPH) Ron Handford scores
|
|
Batting: RHB Emanuel Estrada
|
0-0: Called Strike 0-1: Foul Ball, location: 2F 0-2: Ball 1-2: Ground out 5-3 (Groundball, 56, EV 101.9 MPH)
|
| Top of the 6th over - 1 run, 1 hit, 0 errors, 0 left on base; University of South Carolina 1 - UCLA 7 |
| BOTTOM OF THE 6TH |
|
UCLA Bruins batting - Pitching for University of South Carolina Gamecocks : RHP Jose Barrientos
|
|
Batting: LHB Bill Helmer
|
0-0: Foul Ball, location: 2F 0-1: Foul Ball, location: 2F 0-2: Foul Ball, location: 2F 0-2: Ball 1-2: Ground out 1-3 (Groundball, 13S, EV 76.9 MPH)
|
|
Batting: RHB Carlos Murillo
|
0-0: Called Strike 0-1: Swinging Strike 0-2: Ball 1-2: Ground out 5-3 (Groundball, 5S, EV 74.4 MPH)
|
|
Batting: RHB Hidesuke Yoshida
|
0-0: SINGLE (Line Drive, 4D, EV 98.8 MPH)
|
|
Batting: LHB Mark Cummings
|
0-0: Ball 1-0: Foul Ball, location: 2F 1-1: Ground out 4-3 (Groundball, 4MD, EV 85.6 MPH)
|
| Bottom of the 6th over - 0 runs, 1 hit, 0 errors, 1 left on base; University of South Carolina 1 - UCLA 7 |
| TOP OF THE 7TH |
|
University of South Carolina Gamecocks batting - Pitching for UCLA Bruins : RHP Billy McKinzie
|
|
Batting: RHB Mike Berzins
|
0-0: Ball 1-0: Foul Ball, location: 2F 1-1: Ball 2-1: Ball 3-1: Foul Ball, location: 2F 3-2: Foul Ball, location: 2F 3-2: Ground out 6-3 (Groundball, 6M, EV 83.1 MPH)
|
|
Pitching: LHP Kenny Coolbaugh
|
|
|
Batting: LHB Jose Mafano
|
0-0: Ground out 1-3 (Groundball, 13S, EV 65.0 MPH)
|
|
Batting: RHB Danny Rodriguez
|
0-0: Ball 1-0: Called Strike 1-1: Foul Ball, location: 2F 1-2: Foul Ball, location: 2F 1-2: Ball 2-2: SINGLE (Groundball, 4, EV 98.8 MPH)
|
|
Batting: LHB Bruce Daley
|
0-0: Ball 1-0: Ball 2-0: Ball 3-0: Called Strike 3-1: Swinging Strike 3-2: Strikes out swinging
|
| Top of the 7th over - 0 runs, 1 hit, 0 errors, 1 left on base; University of South Carolina 1 - UCLA 7 |
| BOTTOM OF THE 7TH |
|
UCLA Bruins batting - Pitching for University of South Carolina Gamecocks : RHP Jose Barrientos
|
|
Batting: RHB Xavier Reeves
|
0-0: Called Strike 0-1: Foul Ball, location: 2F 0-2: Ball 1-2: Foul Ball, location: 2F 1-2: Ball 2-2: Ball 3-2: Base on Balls
|
|
Pitching: RHP Elijah McKay
|
|
|
Batting: RHB Angel Melendez
|
0-0: Foul Ball, location: 2F 0-1: Swinging Strike 0-2: 2-RUN HOME RUN (Flyball, 78XD, EV 99.4 MPH), Distance : 419 ft
|
|
Batting: SHB Sean Munns
|
0-0: Foul Ball, location: 2F 0-1: Ball 1-1: Called Strike 1-2: SINGLE (Groundball, 56D, EV 108.1 MPH)
|
|
Batting: RHB Issac Konol
|
0-0: Fly out, F6 (Line Drive, 6, EV 70.0 MPH)
|
|
Batting: LHB Carlos Guadarrama
|
0-0: Called Strike 0-1: Foul Ball, location: 2F 0-2: Ground out 6-3 (Groundball, 6S, EV 71.2 MPH) Sean Munns to second
|
|
Batting: LHB Bill Helmer
|
0-0: Ball 1-0: SINGLE (Line Drive, 78S, EV 106.2 MPH) Sean Munns to third
|
|
Batting: RHB Carlos Murillo
|
0-0: Ball 1-0: Ball 2-0: DOUBLE (Line Drive, 9LS, EV 102.5 MPH) Sean Munns scores Bill Helmer to third Runner from 3rd tries for Home, throw by RF and OUT! 9-4-2
|
| Bottom of the 7th over - 3 runs, 4 hits, 0 errors, 1 left on base; University of South Carolina 1 - UCLA 10 |
| TOP OF THE 8TH |
|
University of South Carolina Gamecocks batting - Pitching for UCLA Bruins : LHP Kenny Coolbaugh
|
|
Batting: RHB Geoffrey Gonzalez
|
0-0: Ball 1-0: Called Strike 1-1: Ground out 6-3 (Groundball, 6, EV 79.4 MPH)
|
|
Batting: SHB Ron Handford
|
0-0: Ball 1-0: Fly out, F8 (Line Drive, 8LM, EV 103.8 MPH)
|
|
Batting: RHB Pablo Henriquez
|
0-0: Foul Ball, location: 2F 0-1: Ground out U3 (Groundball, 3L, EV 111.2 MPH)
|
| Top of the 8th over - 0 runs, 0 hits, 0 errors, 0 left on base; University of South Carolina 1 - UCLA 10 |
| BOTTOM OF THE 8TH |
|
UCLA Bruins batting - Pitching for University of South Carolina Gamecocks : RHP Elijah McKay
|
|
Batting: RHB Hidesuke Yoshida
|
0-0: Fly out, F7 (Line Drive, 7, EV 84.4 MPH)
|
|
Batting: LHB Mark Cummings
|
0-0: Ball 1-0: Called Strike 1-1: SINGLE (Groundball, 4MD, EV 97.5 MPH)
|
|
Pitching: RHP Takuzo Sato
|
|
|
Batting: RHB Xavier Reeves
|
0-0: Ball 1-0: Fly out, F8 (Flyball, 8LD, EV 102.5 MPH)
|
|
Pinch Hitting: RHB Michael Alvarado
|
0-0: Swinging Strike 0-1: Ground out 4-3 (Groundball, 4, EV 101.9 MPH)
|
| Bottom of the 8th over - 0 runs, 1 hit, 0 errors, 1 left on base; University of South Carolina 1 - UCLA 10 |
| TOP OF THE 9TH |
|
University of South Carolina Gamecocks batting - Pitching for UCLA Bruins : LHP Kenny Coolbaugh
|
|
Now at 2B: Michael Alvarado
|
|
|
Pinch Hitting: RHB Colin Morris
|
0-0: Called Strike 0-1: Called Strike 0-2: DOUBLE (Line Drive, 89M, EV 102.5 MPH)
|
|
Pitching: RHP Juan Zatarain
|
|
|
Pinch Hitting: RHB Jim Smallwood
|
0-0: Swinging Strike 0-1: Ball 1-1: Ball 2-1: Fly out, F7 (Flyball, 7S, EV 84.4 MPH)
|
|
Batting: RHB Mike Berzins
|
0-0: Foul Ball, location: 2F 0-1: Called Strike 0-2: Fly out, F7 (Line Drive, 78M, EV 84.4 MPH)
|
|
Pinch Hitting: RHB Carlos Viera
|
0-0: Ball 1-0: Fly out, F9 (Flyball, 9LS, EV 93.1 MPH)
|
| Top of the 9th over - 0 runs, 1 hit, 0 errors, 1 left on base; University of South Carolina 1 - UCLA 10 |
|